 Dungeon Crawl Stone Soup version 0.31-a0-1068-g5939ac1fb6 (webtiles) character file.

Game seed: 4001320864444608534

7 kae the Vexing (level 1, 0/14 HPs)
             Began as a Demonspawn Enchanter on Nov 24, 2023.
             Slain by a goblin
             ... wielding a +0 dagger
              (2 damage)
             ... on level 1 of the Dungeon.
             The game lasted 00:00:55 (393 turns).

kae the Vexing (Demonspawn Enchanter)                Turns: 393, Time: 00:00:56

Health: 0/14       AC:  2    Str:  8    XL:     1   Next: 91%
Magic:  3/3        EV: 12    Int: 16    God:
Gold:   21         SH:  0    Dex: 13    Spells: 4/4 levels left

rFire   + . .        a - +1 dagger
rCold   . . .        (no shield)
rNeg    . . .        b - +0 robe
rPois   .            (no helmet)
rElec   .            (no cloak)
rCorr   .            (no gloves)
SInv    .            (no boots)
Will    .....        (no amulet)
Stlth   ++           F - ring of protection from fire
HPRegen 0.22/turn    (no ring)
MPRegen 0.08/turn

%: no passive effects
@: no status effects
A: no striking features
a: no special abilities


You were on level 1 of the Dungeon.
You visited 1 branch of the dungeon, and saw 2 of its levels.

You collected 21 gold pieces.


   Skills:
 + Level 0.4 Fighting
 * Level 1.2 Short Blades
 + Level 1.9 Dodging
 + Level 2.7 Stealth
 + Level 2.0 Spellcasting
 + Level 3.0 Hexes


You had 4 spell levels left.
You didn't know any spells.
Your spell library contained the following spells:

 Spells                   Type           Power      Damage    Failure   Level
 Ensorcelled Hibernation  Hex/Ice        12%        N/A       17%         2
 Confusing Touch          Hex            11%        N/A       17%         3
 Tukima's Dance           Hex            11%        N/A       17%         3
 Dazzling Flash           Conj/Hex       12%        N/A       32%         3

Inventory:

Hand Weapons
 a - a +1 dagger (weapon)
Missiles
 d - 5 stones
 i - 2 poisoned darts
Armour
 b - a +0 robe (worn)
Jewellery
 F - a ring of protection from fire (left hand)
   (You found it on level 2 of the Dungeon)
Scrolls
 f - a scroll of teleportation {unknown}
 h - a scroll of enchant armour {unknown}
 j - a scroll of amnesia {unknown}
Potions
 c - 2 potions of invisibility
 e - 2 potions of degeneration {unknown}
 g - 2 potions of heal wounds {unknown}

Dungeon Overview and Level Annotations

Branches:
Dungeon (2/15) Zot: 11609

Altars:

..# .#.### # .#.### #
#. #.#... #.# #.#..#
#..# #.#..#
###...###.#..##
..............###.####
#..........[@g......
##.###............##
#####.......####.#
#......#....#
#.###.##.##.#
#.##.##.# #.##.##.#
####.###.#...#.#
...........#.


You could see a goblin.


Message History

f - a scroll labelled JYTAFO BICU 😎 HP[+1]
Your hp is fully restored (13).
d - 5 stones (gained 4)
g - 2 glowing white potions
e - 2 red potions (gained 1)
A frilled lizard comes into view.
A malevolent force fills the Dungeon...
You fall into a shaft and drop 1 floor!
The shaft crumbles and collapses.
No target in view!
No target in view!
F - a ring of protection from fire
F - a ring of protection from fire (left hand)
You open the door.
There is an open door here.
A rat comes into view.
A rat is nearby!
The rat misses you.
You hit the rat. The rat bites you. 😕 HP[-3]
You take 3 damage, and now have 10/13 hp.
MASSIVE DAMAGE!! (PAUSE)
You closely miss the rat. The rat bites you. 😮 HP[-1]
You take 1 damage, and now have 9/13 hp.
You hit the rat.
You kill the rat! 😕 HP[+1]
You see here a rat corpse.
You start resting. 😕 HP[+1]
h - a scroll labelled ELILYI ELAMP 😎 HP[+2]
Your hp is fully restored (13).
You open the door.
There is an open door here.
Found a stone staircase leading down.
i - 2 poisoned darts A bat comes into view.
You see here 12 gold pieces.
A bat is nearby!
Found a stone staircase leading up.
The helpless bat fails to defend itself.
You puncture the bat!
You kill the bat!
No target in view! 😎 HP[+1]
You now have 14 max hp (+1).
Your hp is fully restored (14).
No target in view!
No target in view!
You see here a bat corpse.
There is a stone staircase leading up here.
You climb upwards.
There is a stone staircase leading down here.
The giant cockroach misses you.
You hit the giant cockroach but do no damage.
The giant cockroach misses you.
A giant cockroach is nearby!
You closely miss the giant cockroach.
The giant cockroach bites you but does no damage.
You hit the giant cockroach. The giant cockroach bites you. 😕 HP[-2]
You take 2 damage, and now have 12/14 hp.
A giant cockroach is nearby!
You hit the giant cockroach. You punch the giant cockroach.
You kill the giant cockroach!
No target in view! 😕 HP[+1]
j - a scroll labelled LAINOHESHA 😎 HP[+1]
Your hp is fully restored (14).
No target in view!
No target in view!
A goblin comes into view. It is wielding a +0 dagger.
A goblin is nearby!
A goblin is nearby!
You see here a +0 ring mail.
You hit the goblin. The goblin hits you with a +0 dagger.
You closely miss the goblin.
The goblin hits you with a +0 dagger. 😕 HP[-2]
You take 2 damage, and now have 12/14 hp.
A goblin is nearby!
You completely miss the goblin. The goblin hits you with a +0 dagger.
You are too injured to fight recklessly! 😮 HP[-3]
You take 3 damage, and now have 9/14 hp.
MASSIVE DAMAGE!! (PAUSE)
You closely miss the goblin. The goblin hits you with a +0 dagger.
* * * LOW HITPOINT WARNING * * *
😨 HP[-4]
You take 4 damage, and now have 5/14 hp.
MASSIVE DAMAGE!! (PAUSE)
You hit the goblin but do no damage. The goblin hits you with a +0 dagger.
* * * LOW HITPOINT WARNING * * *
😱 HP[-4]
You take 4 damage, and now have 1/14 hp.
MASSIVE DAMAGE!! (PAUSE)
You hit the goblin. The goblin hits you with a +0 dagger.
You die...

Skill      XL: |  1 |
---------------+----+-----
Short Blades   | 1 |  1.2
Fighting       | |  0.4
Dodging        | |  1.9
Stealth        | |  2.7
Spellcasting   | |  2.0
Hexes          | |  3.0

Action                     || total
---------------------------++-------
  Melee: Dagger            ||    33
         Punch             ||     1
   Stab: Sleeping          ||     1
 Armour: Robe              ||    16
  Dodge: Dodged            ||    17

Levels and vault maps discovered:
D:1:      dpeg_arrival_simpleton_a, layout_loops_ring
D:2:      layout_basic

Notes
Turn   | Place    | Note
-------+----------+-------------------------------------------
     0 | D:1      | kae the Demonspawn Enchanter began the quest for the Orb.
     0 | D:1      | Reached XP level 1. HP: 13/13 MP: 3/3
     0 | D:1      | magus.rc [v1.11.3]
    85 | D:1      | Reached skill level 1 in Short Blades
   222 | D:1      | You fall into a shaft and drop 1 floor!
   392 | D:1      | HP: 1/14 [goblin/+0 dagger (4)]
   393 | D:1      | Slain by a goblin

Vanquished Creatures
  2 bats
  2 endoplasms (D:1)
  A giant cockroach (D:1)
  2 rats
7 creatures vanquished.

Table legend:
 A = Non-vault XP
 B = Vault XP
 C = Vault XP percentage of total XP
 D = Non-vault monster count
 E = Vault monster count
 F = Vault count percentage of total count
                 A         B        C        D         E       F
            +---------+---------+-------+---------+---------+-------
      Total |      11 |       0 |   0.0 |       7 |       0 |   0.0
            +---------+---------+-------+---------+---------+-------
        D:1 |       9 |       0 |   0.0 |       5 |       0 |   0.0
        D:2 |       2 |       0 |   0.0 |       2 |       0 |   0.0
            +---------+---------+-------+---------+---------+-------

Skill      XL: |  1 |
---------------+----+-----
Short Blades   | 1 |  1.2
Fighting       | |  0.4
Dodging        | |  1.9
Stealth        | |  2.7
Spellcasting   | |  2.0
Hexes          | |  3.0

Action                     || total
---------------------------++-------
  Melee: Dagger            ||    33
         Punch             ||     1
   Stab: Sleeping          ||     1
 Armour: Robe              ||    16
  Dodge: Dodged            ||    17

Illustrated notes

Table legend:
 A = Kills in this place as a percentage of kills in the entire game.
 B = Kills by you in this place as a percentage of kills by you in the entire game.
 C = Kills by friends in this place as a percentage of kills by friends in the entire game.
 D = Other kills in this place as a percentage of other kills in the entire game.
 E = Experience gained in this place as a percentage of experience gained in the entire game.
 F = Experience gained in this place divided by the number of levels of this place that you have seen.
                   A       B       C       D       E      F
               +-------+-------+-------+-------+-------+----------------------
         Total | 100.0 | 100.0 |   N/A |   N/A | 100.0 |   5.5
       Dungeon | 100.0 | 100.0 |   N/A |   N/A | 100.0 |   5.5
               +-------+-------+-------+-------+-------+----------------------

Table legend: (Time is in decaauts)
 A = Elapsed time spent in this place.
 B = Non-inter-level travel time spent in this place.
 C = Inter-level travel time spent in this place.
 D = Time resting spent in this place.
 E = Time spent auto-exploring this place.
 F = Levels seen in this place.
 G = Mean time per level.
                   A        B        C        D        E       F      G
               +--------+--------+--------+--------+--------+-----+--------+
         Total |    390 |    390 |      0 |      0 |    311 |   2 |  195.0 |
       Dungeon |    390 |    390 |      0 |      0 |    311 |   2 |  195.0 |
               +--------+--------+--------+--------+--------+-----+--------+

Top non-repeatable levels by time:
     D:1: 282 daAuts
     D:2: 107 daAuts
